Map: Emerald City LE

Players

Mousius - Winner!

  • Race: Zerg Zerg
  • Spawn Location: 5:00

Paystey - Winner!

  • Race: Zerg Zerg
  • Spawn Location: 5:00

Massa

  • Race: Terran Terran
  • League: Gold
  • Spawn Location: 11:00

qqq

  • Race: Protoss Protoss
  • Spawn Location: 11:00

VOD

Have the link to the VOD?

Description

Time

  • Played on: July 18, 2020, 9:42 a.m.
  • Length: 18:33
Show
View Real Time Build Order
Export as new Build Order

Mousius Zerg - Winner!

Build Orders: Hatch First, Swarm Host 

Get SALT Encoding   

  12  0:04  Drone  
  13  0:11  Drone  
  14  0:20  Overlord  
  14  0:38  Drone  
  14  0:39  Drone x2  
  17  0:50  Drone  
  18  1:01  Drone, Extractor  
  18  1:15  Drone  
  18  1:17  Extractor  
  18  1:22  Hatchery  
  17  1:27  Spawning Pool  
  17  1:28  Drone  
  17  1:35  Drone  
  18  1:48  Drone  
  19  1:54  Drone  
  20  2:04  Drone  
  21  2:15  Lair  
  21  2:16  Drone  
  22  2:27  Overlord  
  22  2:34  Queen  
  24  2:46  Drone  
  25  2:57  Drone, Hatchery  
  25  3:17  Nydus Network  
  24  3:20  Drone x3  
  24  3:23  Infestation Pit  
  24  3:24  Spore Crawler  
  24  3:25  Drone  
  26  3:29  Drone  
  26  3:31  Drone  
  28  3:35  Drone  
  29  3:44  Drone x2  
  31  3:55  Drone x4  
  35  4:04  Nydus Canal  
  35  4:09  Overlord x2  
  35  4:19  Swarm Host x2  
  41  4:27  Swarm Host x3  
  50  4:46  Drone x8  
  58  4:53  Overlord  
  58  5:10  Queen  
  58  5:12  Nydus Canal  
  60  6:00  Overseer  
  60  6:06  Drone x6  
  60  6:09  Extractor, Overlord  
  60  6:10  Extractor, Overlord x2  
  64  6:12  Queen  
  64  6:15  Hatchery  
  65  6:47  Nydus Canal  
  65  6:51  Swarm Host  
  65  6:52  Swarm Host x7  
  83  7:45  Drone  
  84  8:44  Drone x4  
  84  8:45  Drone, Hydralisk Den  
  84  8:46  Overlord  
  84  8:47  Overlord x4  
  88  8:59  Spine Crawler  
  84  9:24  Hydralisk  
  84  9:25  Hydralisk x12  
  110  9:34  Extractor  
  110  9:35  Extractor  
  108  9:47  Evolution Chamber  
  108  9:48  Pathogen Glands, Infestor, Evolution Chamber  
  108  9:49  Infestor x4  
  116  10:28  Zerg Missile Weapons Level 1, Zerg Ground Armor Level 1  
  116  10:43  Drone x4  
  116  10:44  Drone x2  
  116  10:45  Overlord  
  116  10:46  Overlord x14  
  122  11:14  Hatchery  
  122  11:18  Hydralisk x8  
  121  11:19  Hydralisk x8  
  153  11:41  Muscular Augments  
  153  12:00  Spire  
  152  12:01  Spire  
  151  12:14  Overlord x4  
  151  12:21  Hydralisk  
  151  12:22  Hydralisk x10  
  171  12:52  Grooved Spines  
  167  13:05  Infestor x3, Swarm Host x3  
  172  13:06  Hydralisk  
  184  13:17  Zerg Missile Weapons Level 2  
  145  14:59  Infestor x3  
  137  15:00  Infestor x4  
  149  15:09  Zerg Ground Armor Level 2  
  149  15:13  Pneumatized Carapace  
  149  15:14  Overseer x2  
  149  15:15  Overseer  
  149  15:17  Nydus Canal  
  145  15:50  Neural Parasite  
  143  16:33  Corruptor  
  143  16:34  Corruptor x6  
  145  16:50  Hydralisk  
  145  16:51  Hydralisk x10  
  145  16:52  Hydralisk  
  166  17:01  Overlord x2  
  164  17:38  Infestor  
  164  17:39  Infestor  
  168  17:47  Drone x10  
  168  17:48  Queen x3  
  182  18:09  Extractor  
  181  18:12  Extractor  
Show
View Real Time Build Order
Export as new Build Order

Paystey Zerg - Winner!

Build Orders: Hatch First, Lurkers 

Get SALT Encoding   

  12  0:01  Drone  
  13  0:13  Overlord  
  13  0:17  Drone  
  14  0:31  Drone x2  
  16  0:36  Drone  
  17  0:54  Hatchery  
  16  0:59  Drone  
  16  1:00  Drone  
  18  1:05  Extractor  
  17  1:16  Spawning Pool  
  16  1:20  Drone  
  17  1:39  Drone x2  
  19  1:48  Hatchery  
  19  1:54  Drone x2  
  20  2:06  Queen  
  20  2:07  Zergling x2  
  23  2:10  Zergling x2  
  24  2:29  Drone x4  
  28  2:38  Overlord  
  28  2:39  Overlord  
  28  2:53  Overlord  
  28  2:56  Queen  
  30  2:59  Queen  
  32  3:06  Queen  
  32  3:12  Spore Crawler  
  33  3:16  Spore Crawler  
  33  3:19  Zergling x2  
  33  3:24  Drone x2  
  33  3:27  Drone  
  36  3:31  Metabolic Boost  
  36  3:48  Drone x5  
  39  3:49  Drone  
  42  4:02  Drone x4  
  46  4:03  Drone x2  
  48  4:20  Drone x2  
  48  4:21  Drone x7  
  56  4:36  Zergling x4  
  56  4:37  Evolution Chamber  
  57  4:44  Extractor  
  57  4:45  Extractor, Drone x2  
  57  4:46  Drone  
  57  4:47  Extractor, Overlord x2  
  57  5:04  Zerg Missile Weapons Level 1  
  57  5:05  Lair  
  57  5:07  Drone x3  
  57  5:08  Drone x7  
  57  5:09  Drone, Overlord  
  57  5:14  Queen  
  70  5:30  Overlord x2  
  70  5:31  Drone x3  
  70  5:32  Drone x3  
  76  5:52  Extractor  
  76  5:53  Extractor  
  74  6:00  Hatchery  
  73  6:08  Infestation Pit  
  73  6:09  Hydralisk Den  
  71  6:13  Pneumatized Carapace  
  71  6:14  Spore Crawler  
  70  6:19  Queen  
  70  6:20  Queen  
  74  6:26  Zergling x2  
  74  6:27  Zergling x18  
  74  6:30  Zergling x2  
  74  6:31  Zergling x24  
  96  6:41  Zergling x2  
  96  6:42  Zergling x2  
  96  6:45  Overlord x2  
  95  6:48  Zergling x6  
  95  6:53  Hydralisk  
  95  6:54  Hydralisk x3  
  76  7:06  Zergling x2  
  76  7:07  Zergling x4  
  67  7:12  Zergling x2  
  67  7:13  Zergling x2  
  60  7:16  Hydralisk  
  60  7:23  Hydralisk  
  60  7:24  Hydralisk  
  64  7:35  Hydralisk  
  64  7:36  Hydralisk  
  62  7:41  Queen  
  64  7:44  Queen  
  64  7:46  Hydralisk x2  
  64  7:50  Zerg Missile Weapons Level 2  
  70  7:54  Lurker Den  
  70  7:58  Hydralisk x2  
  73  8:08  Hydralisk x2  
  73  8:11  Overseer  
  76  8:27  Zergling x2  
  76  8:28  Zergling x4  
  76  8:30  Hatchery  
  76  8:32  Drone x2  
  80  8:38  Grooved Spines  
  80  8:39  Hatchery  
  75  9:15  Zergling x10  
  75  9:16  Zergling x10  
  74  9:47  Hatchery  
  74  9:49  Muscular Augments  
  74  9:50  Zergling x2  
  74  9:51  Zergling x20  
  76  10:01  Zergling x2  
  76  10:02  Zergling x2  
  71  10:31  Drone x6  
  71  10:34  Hatchery  
  76  10:50  Overlord x2  
  76  10:56  Hydralisk x2  
  80  10:58  Lurker x3  
  80  11:01  Drone  
  84  11:21  Zergling x4  
  84  11:22  Drone x5  
  84  11:23  Drone x3  
  94  11:39  Zerg Ground Armor Level 1  
  94  11:43  Queen  
  96  11:57  Drone x5  
  96  11:58  Drone x4  
  96  12:00  Drone x2  
  96  12:01  Drone x2  
  109  12:04  Lurker x4  
  109  12:05  Lurker  
  114  12:12  Overlord x3  
  114  12:24  Overlord x3  
  114  12:25  Overlord x2  
  76  12:59  Hydralisk x4  
  76  13:00  Hydralisk x7  
  76  13:01  Hydralisk x2  
  102  13:11  Hatchery  
  101  13:34  Lurker x4  
  105  13:37  Drone x7  
  105  13:38  Drone x2  
  114  13:52  Hydralisk x7  
  114  13:53  Hydralisk  
  130  14:00  Overlord x2  
  130  14:03  Overseer  
  130  14:05  Overseer  
  130  14:06  Overseer  
  123  14:46  Hydralisk  
  123  14:47  Hydralisk x14  
  140  15:15  Hive  
  126  15:21  Zergling x2  
  126  15:22  Zergling x20  
  135  15:36  Queen  
  135  15:37  Queen  
  123  16:24  Hydralisk  
  123  16:25  Hydralisk x10  
  125  16:26  Hydralisk x7  
  159  16:57  Zergling x2  
  159  16:58  Zergling x16  
  159  16:59  Adrenal Glands  
  165  17:15  Extractor  
  165  17:17  Extractor, Zergling x2  
  165  17:18  Zergling x8  
  168  17:23  Overlord x4  
  165  17:48  Lurker x4  
  165  17:49  Hydralisk x7, Lurker  
  165  17:50  Hydralisk  
  183  17:51  Overlord x3  
  183  18:02  Baneling Nest  
  182  18:17  Hatchery  
  179  18:25  Hatchery  
Show
View Real Time Build Order
Export as new Build Order

Massa Terran 

Build Orders:  

Get SALT Encoding   

  12  0:03  SCV  
  13  0:15  SCV  
  13  0:20  Supply Depot  
  14  0:27  SCV  
  15  0:42  SCV  
  16  0:43  Barracks  
  16  0:53  Refinery  
  16  0:54  SCV  
  17  1:06  SCV  
  18  1:33  Command Center  
  18  1:40  Barracks Tech Lab  
  18  1:45  SCV  
  19  1:57  SCV  
  19  2:00  Marauder  
  22  2:11  Orbital Command  
  22  2:24  Supply Depot  
  22  2:38  SCV  
  23  2:45  Marauder  
  23  2:50  SCV  
  23  2:51  SCV  
  27  2:54  Barracks  
  27  3:03  SCV  
  28  3:06  Marine  
  28  3:11  Concussive Shells  
  29  3:16  Barracks  
  29  3:19  SCV  
  30  3:20  SCV  
  31  3:31  SCV  
  32  3:38  Barracks  
  32  3:41  Orbital Command  
  32  3:43  SCV  
  32  3:48  Marauder  
  35  3:50  Barracks Tech Lab  
  35  3:55  SCV  
  36  4:00  Stimpack  
  36  4:03  Barracks Tech Lab  
  36  4:09  Marauder  
  38  4:14  Marauder  
  40  4:31  Marauder  
  42  4:35  Marauder  
  44  4:39  Command Center  
  44  4:40  Marauder  
  44  4:41  Barracks Tech Lab  
  46  5:01  Supply Depot x2  
  46  5:04  Marauder x3  
  46  5:05  Engineering Bay  
  54  5:07  Marauder  
  54  5:19  SCV x2  
  56  5:25  Marauder x3, Supply Depot  
  64  5:28  Marauder  
  64  5:31  SCV x2  
  65  6:03  Missile Turret  
  65  6:07  Marauder, Factory  
  67  6:13  Refinery  
  67  6:14  Refinery  
  67  6:25  Missile Turret x2  
  67  6:31  Missile Turret  
  66  6:37  Marauder x2  
  66  6:38  Marauder, Marine  
  69  6:56  Marine  
  69  6:58  Marine x3  
  63  7:14  Marine, Missile Turret  
  63  7:16  Marine x3  
  61  7:30  SCV x2  
  61  7:32  Marine  
  61  7:34  Marine x3  
  61  7:35  Missile Turret  
  60  7:40  Factory Tech Lab  
  60  7:42  SCV x2  
  60  7:44  Command Center  
  60  7:49  Marine  
  61  7:52  Marauder x3  
  61  7:54  SCV x2  
  61  7:55  Missile Turret  
  69  8:06  SCV  
  70  8:13  Marauder  
  70  8:14  Marauder x3  
  70  8:17  SCV  
  70  8:18  SCV  
  77  8:29  SCV  
  77  8:30  SCV  
  81  8:34  Marauder  
  81  8:35  Marauder x2  
  81  9:00  Terran Infantry Armor Level 1  
  81  9:01  Starport  
  81  9:05  Armory  
  81  9:06  SCV x2  
  81  9:07  SCV  
  84  9:18  SCV  
  84  9:19  SCV  
  84  9:23  Siege Tank  
  89  9:25  Orbital Command  
  89  9:30  SCV  
  89  9:31  SCV  
  79  9:48  Command Center  
  75  9:55  Siege Tank  
  53  10:23  Marauder  
  53  10:24  Marauder x3  
  59  10:38  Medivac  
  61  10:45  Marauder x4  
  61  10:49  SCV  
  70  10:50  SCV x2  
  72  10:58  Refinery  
  72  10:59  Refinery  
  72  11:01  SCV  
  72  11:02  SCV x2, Factory  
  75  11:06  Marauder  
  75  11:07  Marauder x3  
  83  11:14  SCV x3  
  86  11:24  Orbital Command  
  86  11:26  SCV x3  
  86  11:27  Marauder  
  86  11:28  Marauder x3  
  97  11:33  Medivac  
  97  11:34  Terran Vehicle And Ship Armor Level 1  
  97  11:38  SCV x3  
  102  11:44  Combat Shield  
  102  11:49  Marauder x3  
  102  11:50  SCV x3  
  111  11:54  Refinery  
  111  11:57  Refinery  
  111  12:02  SCV x3  
  114  12:09  Command Center  
  114  12:50  Marauder x4  
  84  13:02  Factory Tech Lab  
  84  13:03  Siege Tank  
  87  13:11  Marauder x3  
  87  13:12  Marauder  
  95  13:14  Barracks  
  95  13:19  Barracks  
  95  13:32  Marauder  
  95  13:33  Marauder x3  
  103  13:34  Siege Tank  
  103  13:35  Siege Tank  
  107  13:54  Marauder x4  
  79  14:07  Siege Tank  
  78  14:15  Marauder  
  78  14:16  Marauder x3  
  70  14:37  Marauder x3, Marine  
  64  14:55  Marauder  
  64  14:57  Marine  
  64  14:58  Marauder, Marine  
  54  15:16  Terran Vehicle And Ship Armor Level 2, Marauder x3  
  54  15:20  Marauder  
  56  15:21  Siege Tank  
  59  15:29  Engineering Bay  
  59  15:34  Engineering Bay  
  58  15:37  Marauder  
  58  15:38  Marauder x2  
  58  15:41  Marauder  
  66  15:43  SCV  
  67  15:55  SCV  
  68  15:58  Marauder  
  68  15:59  Marauder x2  
  68  16:01  Starport  
  68  16:02  Marauder  
  76  16:05  Starport  
  76  16:07  SCV  
  77  16:19  SCV  
  77  16:20  Marauder x2, Marine  
  77  16:23  Marine  
  77  16:24  Barracks  
  77  16:25  Barracks x2  
  84  16:31  SCV  
  80  17:04  Command Center  
  80  17:08  Supply Depot x2  
  80  17:09  Supply Depot  
  80  17:10  Supply Depot  
  80  17:15  Barracks Tech Lab x2  
  80  17:16  Barracks Tech Lab  
  80  17:30  SCV x2, Marauder x2  
  80  17:31  Marauder x2, Supply Depot  
  80  17:33  Supply Depot  
  80  17:34  Marauder x3, Supply Depot  
  80  17:35  Supply Depot  
  96  17:42  SCV x2  
  98  17:52  Marauder x4  
  98  17:54  SCV x2, Supply Depot  
  98  17:56  Marauder x3  
  114  18:06  SCV x2  
  115  18:18  SCV x2  
Show
View Real Time Build Order
Export as new Build Order

qqq Protoss 

Build Orders: 1 Gate Expand, Carriers 

Get SALT Encoding   

  12  0:04  Probe  
  13  0:16  Probe  
  14  0:25  Pylon  
  14  0:28  Probe  
  15  0:46  Gateway  
  15  0:49  Pylon  
  15  0:53  Probe  
  16  1:19  Nexus  
  16  1:33  Pylon  
  16  1:44  Zealot  
  16  1:46  Cybernetics Core  
  18  1:48  Probe  
  19  1:58  Pylon  
  19  2:05  Forge  
  19  2:11  Pylon  
  19  2:23  Probe  
  19  2:24  Assimilator  
  19  2:29  Assimilator  
  20  2:35  Probe  
  21  2:39  Probe  
  22  2:47  Probe  
  23  2:55  Zealot  
  23  2:57  Probe  
  26  3:00  Probe  
  27  3:09  Gateway  
  27  3:12  Probe x2  
  29  3:24  Probe  
  30  3:27  Robotics Facility  
  30  3:29  Stalker  
  30  3:32  Probe  
  33  3:36  Probe  
  34  3:44  Probe  
  35  3:54  Gateway  
  35  3:59  Probe, Stalker  
  38  4:04  Sentry  
  40  4:11  Probe  
  40  4:16  Photon Cannon  
  41  4:23  Probe  
  42  4:29  Stalker  
  44  4:35  Probe  
  45  4:41  Assimilator  
  45  4:42  Stalker  
  45  4:45  Assimilator  
  47  4:47  Probe  
  47  4:50  Immortal  
  52  4:55  Adept  
  52  4:59  Probe  
  55  5:01  Stalker  
  57  5:12  Probe, Adept  
  60  5:24  Probe  
  60  5:25  Stalker  
  63  5:30  Observer  
  64  5:36  Probe  
  65  5:46  Stalker  
  65  5:48  Probe  
  62  5:53  Stalker  
  62  5:55  Stargate, Immortal, Stalker  
  70  6:16  Pylon  
  70  6:17  Pylon  
  70  6:19  Pylon  
  70  6:33  Stalker x2  
  70  6:34  Probe  
  70  6:35  Observer  
  76  6:46  Probe  
  77  6:49  Stalker  
  79  6:58  Probe  
  80  7:03  Stalker x2  
  82  7:10  Probe, Phoenix  
  82  7:15  Immortal  
  85  7:19  Stalker  
  85  7:22  Probe  
  82  7:33  Stalker x2  
  82  7:35  Phoenix  
  78  7:49  Stalker  
  80  7:56  Immortal  
  84  8:00  Phoenix  
  84  8:03  Stalker x2  
  86  8:19  Stalker  
  88  8:25  Phoenix  
  88  8:50  Phoenix  
  90  9:15  Phoenix  
  76  9:31  Nexus  
  70  9:33  Stalker  
  70  9:34  Stalker x2  
  70  9:37  Immortal  
  80  9:39  Void Ray  
  84  9:49  Nexus  
  84  10:03  Stalker  
  84  10:04  Stalker  
  82  10:17  Observer  
  83  10:22  Phoenix  
  83  10:26  Fleet Beacon  
  85  10:35  Pylon  
  85  10:37  Pylon  
  85  10:38  Stalker  
  85  10:39  Adept  
  85  10:40  Stalker  
  91  10:43  Immortal  
  91  10:47  Phoenix  
  97  10:56  Pylon  
  97  11:06  Pylon  
  97  11:12  Phoenix, Mothership  
  97  11:15  Anion Pulse-Crystals  
  107  11:19  Protoss Air Weapons Level 1  
  107  11:22  Pylon  
  107  11:24  Probe x2  
  109  11:29  Pylon  
  109  11:34  Pylon  
  109  11:36  Probe x2  
  109  11:37  Void Ray  
  114  11:48  Probe x2  
  116  12:00  Probe x2  
  118  12:01  Stargate  
  118  12:03  Stargate  
  118  12:12  Probe x2  
  116  12:22  Carrier  
  122  12:24  Probe x2  
  124  12:33  Assimilator  
  124  12:36  Probe  
  124  12:37  Probe, Assimilator  
  126  12:39  Photon Cannon  
  126  12:41  Assimilator  
  126  12:42  Photon Cannon  
  126  12:45  Photon Cannon, Assimilator  
  126  12:48  Probe  
  126  12:49  Probe  
  82  13:01  Probe x2  
  82  13:04  Carrier  
  86  13:12  Zealot x3  
  92  13:13  Probe x2  
  94  13:25  Probe, Photon Cannon  
  94  13:26  Photon Cannon, Carrier  
  101  13:28  Photon Cannon  
  101  13:33  Carrier  
  107  13:39  Zealot x3  
  107  14:08  Carrier  
  113  14:30  Carrier  
  119  14:37  Carrier  
  116  14:49  Probe  
  106  15:01  Probe  
  107  15:12  Carrier  
  107  15:13  Probe  
  110  15:14  Observer  
  110  15:15  Zealot  
  110  15:16  Zealot  
  117  15:25  Probe  
  117  15:35  Carrier  
  121  15:36  Observer  
  121  15:46  Carrier  
  89  16:17  Carrier  
  77  16:37  Probe  
  77  16:39  Carrier  
  84  16:49  Probe  
  85  17:02  Probe  
  56  17:38  Observer  
Tags
 
Add a new tag
Caveats
  • Supply blocks, unpowered buildings, or Contaminate may cause inaccurate times.
  • Supply counts are checked every 10 seconds.